 Dungeon Crawl Stone Soup version 0.31-a0-640-g39d97e502b (webtiles) character file.

Game seed: 17266690912364277902

93 qw the Shooter (level 4, 0/28 HPs)
             Began as a Gargoyle Hunter on Aug 27, 2023.
             Slain by a shadow imp (6 damage)
             ... on level 3 of the Dungeon.
             The game lasted 00:00:48 (2504 turns).

qw the Shooter (Gargoyle Hunter)                    Turns: 2504, Time: 00:00:49

Health: 0/28       AC:  6    Str: 15    XL:     4   Next: 61%
Magic:  4/4        EV: 12    Int:  9    God:
Gold:   209        SH:  0    Dex: 21    Spells: 3/3 levels left

rFire   . . .        Y - +0 shortbow (chaos)
rCold   . . .        (shield currently unavailable)
rNeg    + . .        c - +0 leather armour
rPois   inf          (no helmet)
rElec   +            (no cloak)
rCorr   .            (no gloves)
SInv    .            (no boots)
Will    .....        (no amulet)
Stlth   ++           g - +6 ring of dexterity
HPRegen 0.24/turn    (no ring)
MPRegen 0.09/turn

%: no passive effects
@: no status effects
A: sickness immunity, AC +3, negative energy resistance 1, electricity
resistance, torment resistance 1, petrification resistance
a: no special abilities


You were on level 3 of the Dungeon.
You visited 1 branch of the dungeon, and saw 3 of its levels.

You collected 209 gold pieces.


Innate Abilities, Weirdness & Mutations

You are immune to sickness and miasma.
Your stone body is resilient. (AC +3)
You are immune to poison.
You resist negative energy. (rN+)
You are resistant to electric shocks. (rElec)
You are resistant to unholy torment.
You are immune to petrification.


   Skills:
 - Level 3.0 Fighting
 + Level 5.5 Ranged Weapons
 - Level 1.5 Dodging
 - Level 1.1 Stealth


You had 3 spell levels left.
You didn't know any spells.
Your spell library was empty.

Inventory:

Hand Weapons
 Y - a +0 shortbow of chaos (weapon)
Armour
 c - a +0 leather armour (worn)
Jewellery
 b - an amulet of magic regeneration
 f - a ring of ice
 g - a +6 ring of dexterity (left hand)
Scrolls
 a - a scroll of revelation {unknown}
 i - a scroll of identify
Potions
 d - a potion of heal wounds {unknown}
 e - 4 potions of enlightenment
 h - a potion of berserk rage {unknown}
 j - a potion of cancellation {unknown}

Dungeon Overview and Level Annotations

Branches:
Dungeon (3/15)

Altars:


Message History

The arrow hits the shadow imp but does no damage.
The shadow imp seems to grow stronger.
The shadow imp is moderately wounded.
The shadow imp misses you.
You shoot an arrow.
The arrow closely misses the shadow imp.
The shadow imp hits you. x2
You shoot an arrow. The arrow hits the shadow imp.
The shadow imp is severely wounded.
The shadow imp closely misses you. The shadow imp hits you.
You shoot an arrow.
The arrow closely misses the shadow imp.
The shadow imp closely misses you.
You shoot an arrow.
The arrow hits the shadow imp but does no damage.
The shadow imp is severely wounded.
The shadow imp hits you. The shadow imp hits you!
You shoot an arrow.
The arrow closely misses the shadow imp.
The shadow imp barely misses you. The shadow imp closely misses you.
You shoot an arrow.
The arrow hits the shadow imp but does no damage.
The shadow imp is severely wounded.
The shadow imp barely misses you. The shadow imp closely misses you.
You shoot an arrow.
The arrow closely misses the shadow imp.
The shadow imp misses you.
You shoot an arrow. The arrow barely misses the shadow imp.
The shadow imp barely misses you. The shadow imp hits you!
You shoot an arrow.
The arrow hits the shadow imp but does no damage.
The shadow imp is severely wounded.
The shadow imp barely misses you.
A ball python comes into view.
The shadow imp barely misses you.
You shoot an arrow.
The arrow completely misses the shadow imp.
The ball python hisses angrily.
The shadow imp hits you.
You die...

.#######.#
####...#######.####
..................
#..%..######..###
#...# #..#
#...########..#
#.####......S....%.###
#...5........PPPP#....
##@#.....P...P..##>
#.#..###P...P#.##.
#.#..##.P...P..##.
#.#.....PPPPP..##.
#.#.####.....#.##.
#.#.# #..####.##.
#.#.......###...#.
#.#####...........
#.######.####>..#.


You could see a shadow imp (berserk, strong) and a ball python.

Vanquished Creatures
  An adder (D:2)
  A worm (D:2)
  3 dart slugs
  An orc (D:3)
  6 endoplasms
  3 giant cockroaches
  4 goblins
  7 hobgoblins
  6 jackals (D:2)
  5 kobolds
  5 quokkas
  7 ball pythons
  8 bats
  2 frilled lizards (D:1)
  9 rats
68 creatures vanquished.

Notes
Turn   | Place    | Note
-------+----------+-------------------------------------------
     0 | D:1      | qw the Gargoyle Hunter began the quest for the Orb.
     0 | D:1      | Reached XP level 1. HP: 12/12 MP: 1/1
     0 | D:1      | 0 ||| qw: Version: 0.3-a-74-g0d5e918
     0 | D:1      | 0 ||| qw: Game counter: 60
     0 | D:1      | 0 ||| qw: Melee chars always use a shield: true
     0 | D:1      | 0 ||| qw: God list: Okawaru
     0 | D:1      | 0 ||| qw: Allow faded altars: false
     0 | D:1      | 0 ||| qw: Do Orc after clearing Dungeon:15 true
     0 | D:1      | 0 ||| qw: Do second Lair branch before Depths: true
     0 | D:1      | 0 ||| qw: Lair rune preference: random
     0 | D:1      | 0 ||| qw: Goals: Normal
     0 | D:1      | 0 ||| PLANNING D:1-11
   175 | D:1      | Reached XP level 2. HP: 17/17 MP: 2/2
   584 | D:1      | Reached XP level 3. HP: 19/21 MP: 3/3
  1009 | D:1      | Reached skill level 5 in Ranged Weapons
  1077 | D:1      | Found a faded altar of an unknown god.
  1078 | D:1      | 1078 ||| DRINKING 2 lumpy dark potions.
  1079 | D:1      | 1079 ||| DROPPING scroll of butterflies.
  1392 | D:2      | Reached skill level 3 in Fighting
  1415 | D:2      | HP: 5/23 [rat (2)]
  1418 | D:2      | Reached XP level 4. HP: 4/28 MP: 4/4
  1418 | D:2      | HP: 2/28 [rat (2)]
  1427 | D:2      | HP: 2/28 [rat (2)]
  2074 | D:2      | 2074 ||| UPGRADING to +6 ring of dexterity.
  2075 | D:2      | 2075 ||| READING scroll labelled WEATUI FIAHE.
  2076 | D:2      | 2076 ||| READING scroll labelled IFAIXURUIP.
  2502 | D:3      | HP: 5/28 [shadow imp (7)]
  2504 | D:3      | Slain by a shadow imp

Levels and vault maps discovered:
D:1:      ebering_trefoil_3fold, layout_basic,
          shapermc_ecumenical_altar_acropolis, minmay_misc_feat_five,
          grunt_decor_one_mirror, minivault_11, minmay_misc_feat_rugged
D:2:      layout_basic
D:3:      layout_loops_ring, minmay_gold_behind_fungi

Skill      XL: |  1  2  3 |
---------------+----------+-----
Ranged Weapons | 5 |  5.5
Fighting       | 3 |  3.0
Dodging        | |  1.5
Stealth        | |  1.1

Action                     |  1- 3 |  4- 6 || total
---------------------------+-------+-------++-------
   Fire: Shortbow          |   137 |    68 ||   205
    Use: Potion            |     1 |       ||     1
         Scroll            |       |     2 ||     2
 Armour: Leather armour    |    30 |    10 ||    40
  Dodge: Dodged            |    56 |    31 ||    87

Table legend:
 A = Non-vault XP
 B = Vault XP
 C = Vault XP percentage of total XP
 D = Non-vault monster count
 E = Vault monster count
 F = Vault count percentage of total count
                 A         B        C        D         E       F
            +---------+---------+-------+---------+---------+-------
      Total |     133 |       0 |   0.0 |      68 |       0 |   0.0
            +---------+---------+-------+---------+---------+-------
        D:1 |      40 |       0 |   0.0 |      24 |       0 |   0.0
        D:2 |      69 |       0 |   0.0 |      30 |       0 |   0.0
        D:3 |      24 |       0 |   0.0 |      14 |       0 |   0.0
            +---------+---------+-------+---------+---------+-------
